 Dungeon Crawl Stone Soup version 0.19-a0-1875-g4fea3da (webtiles) character file.

244 Amnesiac the Slasher (level 6, -8/41 HPs)
             Began as a Halfling Monk on Oct 13, 2016.
             Killed by divine providence
             ... invoked by an orc priest
              (12 damage)
             ... on level 5 of the Dungeon.
             The game lasted 00:03:06 (1650 turns).

Amnesiac the Slasher (Halfling Monk)                Turns: 1650, Time: 00:03:07

Health: -8/41      AC:  9    Str: 14    XL:     6   Next: 32%
Magic:  6/6        EV: 14    Int:  8    God:
Gold:   90         SH:  0    Dex: 17    Spells: 0 memorised, 5 levels left

rFire  . . .     SeeInvis .     a - +1 falchion
rCold  . . .     Gourm    .     b - +3 ring mail
rNeg   . . .     Faith    .     (shield restricted)
rPois  .         Spirit   .     (no helmet)
rElec  .         Dismiss  .     j - +0 cloak
rCorr  .         Reflect  .     (no gloves)
MR     .....     Harm     .     (no boots)
Stlth  +.........               (no amulet)
                                (no ring)
                                m - ring of loudness

@: no status effects
A: blurry vision 1, mutation resistance 1
a: no special abilities


You were on level 5 of the Dungeon.
You were hungry.

You visited 1 branch of the dungeon, and saw 5 of its levels.

You collected 90 gold pieces.

Inventory:

Hand Weapons
 a - a +1 falchion (weapon)
Armour
 b - a +3 ring mail (worn)
 j - a +0 cloak (worn)
Jewellery
 m - a ring of loudness (left hand)
Scrolls
 d - a scroll of amnesia {unknown}
Potions
 e - a potion of degeneration {unknown}
 k - a potion of might
Comestibles
 c - 2 bread rations
 h - 3 fruits


   Skills:
 - Level 2.6 Fighting
 + Level 6.6 Long Blades
 - Level 3.2 Dodging
 - Level 2.1 Stealth


You had 5 spell levels left.
You didn't know any spells.

Dungeon Overview and Level Annotations

Branches:
Dungeon (5/15)             Temple (0/1) D:4

Altars:

Shops:
D:5 (


Innate Abilities, Weirdness & Mutations

You are small and have problems with some larger weapons.
You are somewhat resistant to further mutation.
Scrolls take you a little longer to read.


Message History

You barely miss the orc priest. The orc priest hits you with a dagger.
You hit the orc priest but do no damage.
The orc priest invokes the aid of Beogh against you.
Pain shoots through your body!
* * * LOW HITPOINT WARNING * * *
You hit the orc priest.
The orc priest is lightly wounded.
The orc priest hits you with a dagger.
* * * LOW HITPOINT WARNING * * *
You hit the orc priest.
The orc priest is moderately wounded.
You barely miss the orc priest.
The orc priest is moderately wounded.
The orc priest closely misses you.
You riposte.
You hit the orc priest.
The orc priest is moderately wounded.
You barely miss the orc priest.
The orc priest is moderately wounded.
The orc priest mumbles some strange prayers to Beogh against you.
Beogh smites you!
You die...

#... ... ... #.#
#.# ##### #.##
......##.o#######
#.....@[......#
#...##..#####.#
..... #..# ....
..... ... .#∩.#.#
.. #.#..#.# . .
..## # ## #.#


You could see an orc priest.

Vanquished Creatures
  A phantom (D:4)
  A hound (D:4)
  An orc priest (D:4)
  A worker ant (D:4)
  3 adders (D:3)
  An ooze (D:4)
  A worm (D:3)
  2 leopard geckos
  11 orcs
  A giant cockroach (D:3)
  A goblin (D:3)
  A hobgoblin (D:3)
  3 jackals (D:3)
  3 bats
  A rat (D:3)
32 creatures vanquished.

Notes
Turn   | Place    | Note
-------+----------+-------------------------------------------
     0 | D:1      | Amnesiac the Halfling Monk began the quest for the Orb.
     0 | D:1      | Reached XP level 1. HP: 15/15 MP: 1/1
   194 | D:3      | Reached XP level 2. HP: 14/20 MP: 2/2
   311 | D:4      | Reached skill level 4 in Long Blades
   311 | D:4      | Reached XP level 3. HP: 14/25 MP: 3/3
   769 | D:3      | Reached XP level 4. HP: 25/30 MP: 4/4
   965 | D:3      | Reached skill level 5 in Long Blades
  1109 | D:4      | Reached XP level 5. HP: 25/35 MP: 5/5
  1268 | D:4      | Noticed a phantom
  1311 | D:4      | Gained mutation: Scrolls take you a little longer to read. [potion of mutation]
  1314 | D:4      | Killed a phantom
  1314 | D:4      | Reached skill level 6 in Long Blades
  1314 | D:4      | Reached XP level 6. HP: 8/41 MP: 6/6
  1613 | D:4      | Found a staircase to the Ecumenical Temple.
  1615 | D:5      | Entered Level 5 of the Dungeon
  1615 | D:5      | Found Acvadich's Antique Weapon Boutique.
  1650 | D:5      | Killed from afar by an orc priest

Vault maps used:
D:1:      dpeg_arrival_simpleton_a
D:2:      minmay_item_behind_shaft
D:3:      zin_scriptorium, kennysheep_jessica_study, uniq_crazy_yiuf_cottage
D:4:      first_bread
D:5:      okawaru_gym_becter, basic_altar, portal_sewer_entry_e, serial_shops,
          shop, uniq_duvessa, uniq_pikel

Skill      XL: |  1  2  3  4  5 |
---------------+----------------+-----
Long Blades    | 4 5 6 |  6.6
Fighting       | |  2.6
Dodging        | |  3.2
Stealth        | |  2.1

Action                   |  1- 3 |  4- 6 || total
-------------------------+-------+-------++-------
Melee: Falchion          |    57 |   113 ||   170
  Use: Scroll            |       |     5 ||     5
       Potion            |       |     3 ||     3
 Stab: Sleeping          |     2 |       ||     2
  Eat: Chunk             |       |     2 ||     2
Armor: Robe              |     6 |       ||     6
       Scale mail        |     6 |     2 ||     8
       Ring mail         |       |    24 ||    24
Dodge: Dodged            |    70 |    72 ||   142
       Rpst.: Falchion   |    18 |    25 ||    43
